AoeStats
← Naibaf

Arena

511441663Analyzed
2v2 RM · 9d ago on Oct 5, 2026· 49m 33s· 4 players
Game mode
Random Map
Map size
Medium (4 player)
Population
200
Speed
Normal
Resources
Standard
Victory
Conquest
Starting age
Dark Age
Ending age
Imperial Age
RankedLock teamsTeams togetherTeam positionsShared explorationLock speedFull tech treeHidden civsTurbo modeCheats
Victory
Defeat
🇵🇪 Khmer · Peru
794
+14
🇵🇪 Romans · Peru
762
+16
vs
🇺🇸 Hindustanis · United States
756
-15
🇺🇸 Gurjaras · United States
756
-15
DoobieBoi
9:25 Feudal Age
16:20 Castle Age
14:37 Horse Collar
14:51 Double-Bit Axe
17:09 Scale Barding Armor
19:15 Bloodlines
19:38 Husbandry
20:18 Forging
21:24 Bow Saw
25:08 Wheelbarrow
26:49 Chain Barding Armor
27:08 Iron Casting
27:47 Bow Saw
28:59 Heavy Plow
30:07 Chain Barding Armor
30:55 Gold Mining
31:42 Ballistics
36:43 Imperial Age
35:10 Loom
36:46 Hand Cart
36:45 Scale Mail Armor
37:03 Kshatriyas
38:10 Plate Barding Armor
38:18 Heavy Camel Rider
40:01 Gold Shaft Mining
ryryfry24
9:28 Feudal Age
7:48 Loom
9:56 Double-Bit Axe
15:59 Castle Age
14:37 Double-Bit Axe
14:48 Horse Collar
17:28 Wheelbarrow
16:38 Crossbowman
17:51 Heavy Plow
19:16 Padded Archer Armor
20:32 Fletching
23:03 Thumb Ring
26:41 Wheelbarrow
28:49 Gold Mining
32:14 Ballistics
35:09 Imperial Age
34:13 Hand Cart
34:34 Bloodlines
34:57 Sanctity
34:55 Husbandry
36:50 Chemistry
36:10 Grand Trunk Road
36:57 Scale Barding Armor
36:50 Bodkin Arrow
37:10 Leather Archer Armor
39:45 Ring Archer Armor
39:26 Bracer
42:03 Heavy Camel Rider
47:29 Imperial Camel Rider
Naibaf
7:49 Loom
10:02 Feudal Age
14:51 Castle Age
18:06 Town Watch
21:56 Horse Collar
23:14 Murder Holes
25:45 Double-Bit Axe
26:01 Heavy Plow
27:16 Ballistics
27:41 Gold Mining
29:01 Stone Mining
29:07 Fletching
30:23 Padded Archer Armor
30:28 Husbandry
31:48 Leather Archer Armor
31:28 Bodkin Arrow
31:25 Pikeman
36:50 Imperial Age
35:25 Bloodlines
35:12 Bodkin Arrow
36:02 Scale Mail Armor
36:13 Forging
36:50 Wheelbarrow
37:05 Chain Mail Armor
36:57 Halberdier
38:46 Crop Rotation
39:09 Iron Casting
39:37 Chemistry
40:26 Redemption
45:44 Caravan
46:28 Conscription
46:46 Bracer
49:32 Hand Cart
49:55 Coinage
50:00 Ring Archer Armor
49:41 Scale Barding Armor
Mijael
1:08 Loom
11:33 Feudal Age
12:17 Double-Bit Axe
12:15 Horse Collar
19:46 Castle Age
19:52 Gold Mining
23:25 Squires
25:20 Wheelbarrow
26:12 Fervor
26:18 Heavy Plow
28:37 Hand Cart
28:39 Bow Saw
28:22 Stone Mining
29:12 Gold Shaft Mining
30:09 Coinage
29:40 Caravan
30:24 Bloodlines
29:35 Light Cavalry
34:41 Imperial Age
34:12 Murder Holes
34:39 Pikeman
36:29 Chemistry
36:08 Ballistas
36:24 Conscription
36:22 Husbandry
35:55 Heavy Scorpion
37:44 Crop Rotation
38:01 Banking
37:50 Guilds
39:50 Comitatenses
44:54 Halberdier
49:22 Fletching
49:32 Padded Archer Armor
49:33 Scale Mail Armor
49:43 Forging
49:39 Scale Barding Armor
Connection lost

Rejoining the realm…

Still unreachable

The connection could not be restored.

Session expired

The server has moved on; the page needs a fresh start.